 Dungeon Crawl Stone Soup version 0.30-a0-553-g7fabdf1491 (webtiles) character file.

Game seed: 7281888101357306277

104 arthad the Digger (level 4, 0/24 HPs)
             Began as a Gargoyle Earth Elementalist on Dec 27, 2022.
             Slain by a gnoll
             ... wielding a +0 flail
              (4 damage)
             ... on level 4 of the Dungeon.
             The game lasted 00:05:37 (2075 turns).

arthad the Digger (Gargoyle Earth Elementalist)     Turns: 2075, Time: 00:05:37

Health: 0/24       AC:  6    Str: 12    XL:     4   Next: 80%
Magic:  5/8        EV:  6    Int: 17    God:
Gold:   90         SH:  0    Dex: 10    Spells: 4/8 levels left

rFire   . . .      SeeInvis +    x - +9 dagger of Magunor {drain, Stlth+}
rCold   . . .      Faith    .    (no shield)
rNeg    + . .      Spirit   .    a - +0 robe
rPois   ∞          Reflect  .    p - +0 helmet
rElec   +          Harm     .    (no cloak)
rCorr   .          Rampage  .    (no gloves)
Will    .....                    (no boots)
Stlth   +++                      g - amulet of magic regeneration
HPRegen 0.24/turn                u - ring of see invisible
MPRegen 0.51/turn                (no ring)

@: held
A: sickness immunity, AC +3, negative energy resistance 1, electricity
resistance, torment resistance 1, petrification resistance
a: no special abilities


You were on level 4 of the Dungeon.
You visited 1 branch of the dungeon, and saw 4 of its levels.

You collected 160 gold pieces.
You spent 70 gold pieces at shops.

Inventory:

Hand Weapons
 e - a +3 dagger of speed
 h - a +0 war axe
 x - the +9 dagger of Magunor (weapon) {drain, Stlth+}
   (You found it on level 3 of the Dungeon)

   A truly terrible weapon, it drains the life of any living foe it strikes.
   Stlth:     It makes you more stealthy.
Armour
 a - a +0 robe (worn)
 p - a +0 helmet (worn)
Jewellery
 g - an amulet of magic regeneration (around neck)
 u - a ring of see invisible (left hand)
Scrolls
 f - 2 scrolls of immolation {unknown}
 i - a scroll of fear {unknown}
 j - a scroll of acquirement {unknown}
 k - a scroll of amnesia {unknown}
 l - 2 scrolls of teleportation
 r - a scroll of fog {unknown}
 s - 2 scrolls of poison
 t - a scroll of vulnerability {unknown}
 v - 2 scrolls of blinking {unknown}
Potions
 b - a potion of magic
 c - a potion of curing {unknown}
 d - 3 potions of brilliance {unknown}
 m - a potion of invisibility {unknown}
 n - a potion of ambrosia {unknown}
 o - 2 potions of attraction {unknown}
 q - 2 potions of lignification {unknown}
 w - 2 potions of heal wounds {unknown}


   Skills:
 + Level 0.4 Fighting
 + Level 0.1 Short Blades
 + Level 0.1 Armour
 + Level 2.0 Dodging
 * Level 3.3 Stealth
 * Level 2.7 Spellcasting
 * Level 1.2 Conjurations
 - Level 0.7 Transmutations
 * Level 4.4 Earth Magic


You had 4 spell levels left.
You knew the following spells:

 Your Spells              Type           Power      Damage    Failure   Level
a - Sandblast             Erth           34%        2d9       3%          1
b - Stone Arrow           Conj/Erth      24%        3d8       17%         3

Your spell library contained the following spells:

 Spells                   Type           Power      Damage    Failure   Level
 Passwall                 Tmut/Erth      9%         N/A       10%         2
 Summon Guardian Golem    Hex/Summ       2%         N/A       47%         3
 Petrify                  Tmut/Erth      11%        N/A       52%         4
 Orb of Destruction       Conj           3%         9d5       100%        7
 Spellforged Servitor     Conj/Summ      2%         N/A       100%        7


Dungeon Overview and Level Annotations

Branches:
Dungeon (4/15)
 Temple: D:4-7

Altars:
Cheibriados

Shops:
D:2 ?

Annotations:
D:3 3 runed translucent doors, cforsyth's ghost, amateur DrVM


Innate Abilities, Weirdness & Mutations

You are immune to sickness and miasma.
Your stone body is resilient. (AC +3)
You are immune to poison.
You resist negative energy. (rN+)
You are resistant to electric shocks. (rElec)
You are resistant to unholy torment.
You are immune to petrification.


Message History

The gnoll shouts! x3
The blast of sand hits the gnoll!
The gnoll is severely wounded.
The blast of sand hits the gnoll!
You kill the gnoll!
The gnoll throws a throwing net.
The throwing net hits you.
You become entangled in the net!
You are held in a net!
You are held in a net!
You are held in a net!
You are held in a net!
Aiming: Sandblast (safe; 3% risk of failure)
Press: ? - help, Q - select action Shift-Dir - straight line, f - gnoll
Aim: a gnoll, wielding a +0 whip (84% to hit)
The blast of sand hits the gnoll.
The gnoll is moderately wounded.
The gnoll closely misses you. The gnoll hits you but does no damage.
Aiming: Sandblast (safe; 3% risk of failure)
Press: ? - help, Q - select action Shift-Dir - straight line, f/p - gnoll
Aim: a gnoll, wielding a +0 whip (moderately wounded, 84% to hit)
The blast of sand hits the gnoll.
The gnoll is severely wounded.
The gnoll hits you with a +0 flail. The gnoll hits you with a +0 flail!
The gnoll hits you with a +0 whip. The gnoll closely misses you.
The gnoll hits you with a +0 whip. The gnoll barely misses you.
Aiming: Sandblast (safe; 3% risk of failure)
Press: ? - help, Q - select action Shift-Dir - straight line, f/p - gnoll
Aim: a gnoll, wielding a +0 whip (severely wounded, 84% to hit)
The blast of sand hits the gnoll!
You kill the gnoll!
The gnoll completely misses you. The gnoll barely misses you.
Aiming: Sandblast (safe; 3% risk of failure)
Press: ? - help, Q - select action Shift-Dir - straight line, f - gnoll
Aim: a gnoll, wielding a +0 flail (84% to hit)
The blast of sand hits the gnoll!
The gnoll is heavily wounded.
The gnoll hits you with a +0 flail.
* * * LOW HITPOINT WARNING * * *
The gnoll hits you with a +0 flail.
You die...

.#######.####
...........#
#..........#
#..........#
#........$
###.....).
###....)gg# #
.......@##.#
##.#.......#
#.......###
#...<...#
...........#
####..#....#
....#....#
..... #....#
..... ......


You could see 2 gnolls.

Vanquished Creatures
  2 gnolls (D:4)
  An adder (D:2)
  A dart slug (D:3)
  5 ball pythons
  7 endoplasms
  2 giant cockroaches
  6 goblins
  3 hobgoblins
  9 jackals
  6 quokkas
  9 bats
  9 frilled lizards
  4 kobolds
  6 rats
70 creatures vanquished.

Notes
Turn   | Place    | Note
-------+----------+-------------------------------------------
     0 | D:1      | arthad the Gargoyle Earth Elementalist began the quest for
                  | the Orb.
     0 | D:1      | Reached XP level 1. HP: 10/10 MP: 3/3
   172 | D:1      | Reached XP level 2. HP: 15/15 MP: 0/5
   277 | D:1      | Reached skill level 4 in Earth Magic
   564 | D:1      | Reached XP level 3. HP: 19/19 MP: 4/6
   568 | D:1      | Learned a level 3 spell: Stone Arrow
   963 | D:2      | Found a snail-covered altar of Cheibriados.
  1073 | D:2      | Reached XP level 4. HP: 24/24 MP: 7/7
  1119 | D:2      | Reached skill level 1 in Conjurations
  1373 | D:2      | Found Ukutt's Magic Scroll Boutique.
  1385 | D:2      | Bought a scroll of teleportation for 30 gold pieces
  1385 | D:2      | Bought a scroll of poison for 40 gold pieces
  1690 | D:3      | Noticed cforsyth's ghost (amateur DrVM)
  1691 | D:3      | Found a runed translucent gate.
  1692 | D:3      | Found a runed translucent gate.
  1692 | D:3      | Found a runed translucent gate.
  1847 | D:3      | Identified the +9 dagger of Magunor {drain, Stlth+}
  2075 | D:4      | Slain by a gnoll

Illustrated notes

Levels and vault maps discovered:
D:1:      dpeg_arrival_pond, layout_basic
D:2:      layout_loops_ring, serial_shops, nicolae_lakefront_shop, basic_altar,
          minmay_hexomino_f4
D:3:      layout_loops_ring, gammafunk_ghost_split
D:4:      layout_basic, minmay_temple_entry_waves, uniq_natasha

Skill      XL: |  1  2  3  4 |
---------------+-------------+-----
Earth Magic    | 4 |  4.4
Stealth        | 3 |  3.3
Conjurations   | 1 |  1.2
Dodging        | 2 |  2.0
Fighting       | |  0.4
Short Blades   | |  0.1
Armour         | |  0.1
Spellcasting   | |  2.7
Transmutations | |  0.7

Action                   |  1- 3 |  4- 6 || total
-------------------------+-------+-------++-------
Melee: Unarmed           |    25 |       ||    25
       Dagger            |       |     4 ||     4
 Cast: Sandblast         |    63 |    33 ||    96
Armor: Robe              |    23 |     6 ||    29
Dodge: Dodged            |    42 |     9 ||    51

Table legend: (Time is in decaauts)
 A = Elapsed time spent in this place.
 B = Non-inter-level travel time spent in this place.
 C = Inter-level travel time spent in this place.
 D = Time resting spent in this place.
 E = Time spent auto-exploring this place.
 F = Levels seen in this place.
 G = Mean time per level.
                   A        B        C        D        E       F      G
               +--------+--------+--------+--------+--------+-----+--------+
         Total |   2120 |   2042 |     78 |      0 |   1620 |   4 |  530.0 |
       Dungeon |   2120 |   2042 |     78 |      0 |   1620 |   4 |  530.0 |
               +--------+--------+--------+--------+--------+-----+--------+

Top non-repeatable levels by time:
     D:1: 873 daAuts
     D:2: 625 daAuts
     D:3: 610 daAuts
     D:4: 11 daAuts
